AoeStats
← ska_18

QS Arena

502898907Analyzed
3v3 RM · 1mo ago on Aug 29, 2026· 47m 53s· 6 players
Game mode
Random Map
Map size
Normal (6 player)
Population
200
Speed
Normal
Resources
Standard
Victory
Conquest
Starting age
Dark Age
Ending age
Imperial Age
RankedLock teamsTeams togetherTeam positionsShared explorationLock speedFull tech treeHidden civsTurbo modeCheats
Victory
Defeat
🇰🇿 Goths · Kazakhstan
1031
+14
🇦🇹 Saracens · Austria
991
+16
🇬🇧 Turks · United Kingdom
981
+17
🇹🇷 Bohemians · Türkiye
1014
-17
🇹🇷 Goths · Türkiye
1006
-16
🇹🇷 Mongols · Türkiye
960
-14
Donelson
8:15 Feudal Age
14:39 Castle Age
12:51 Horse Collar
13:27 Double-Bit Axe
14:22 Fletching
20:17 Padded Archer Armor
22:56 Bodkin Arrow
24:09 Bow Saw
25:15 Ballistics
26:42 Leather Archer Armor
26:32 Scale Barding Armor
29:46 Fortified Wall
34:56 Chain Barding Armor
37:50 Man-at-Arms
38:41 Scale Mail Armor
38:52 Forging
38:26 Long Swordsman
40:40 Squires
43:26 Wheelbarrow
45:07 Murder Holes
ska_18
7:51 Feudal Age
6:07 Loom
12:52 Castle Age
10:37 Loom
11:11 Double-Bit Axe
11:39 Horse Collar
15:52 Wheelbarrow
15:02 Town Watch
17:20 Bow Saw
19:58 Gold Mining
19:59 Stone Mining
20:58 Fervor
21:39 Hand Cart
22:40 Forging
22:36 Scale Barding Armor
24:47 Gold Shaft Mining
27:58 Imperial Age
26:55 Iron Casting
28:05 Chain Barding Armor
27:35 Fletching
28:07 Murder Holes
27:52 Treadmill Crane
30:19 Chemistry
30:30 Plate Barding Armor
29:52 Bodkin Arrow
30:33 Conscription
30:49 Elite Mameluke
32:31 Hoardings
33:01 Bimaristan
33:37 Bloodlines
33:27 Husbandry
32:48 Light Cavalry
35:19 Heavy Plow
36:20 Two-Man Saw
36:22 Blast Furnace
35:22 Bracer
35:29 Siege Engineers
35:46 Ballistics
36:15 Sanctity
37:10 Coinage
36:40 Caravan
37:58 Masonry
37:59 Fortified Wall
40:31 Hussar
41:03 Guard Tower
40:58 Arrowslits
45:05 Town Patrol
46:14 Banking
47:39 Keep
Korya
9:20 Feudal Age
10:43 Double-Bit Axe
13:01 Castle Age
10:43 Horse Collar
18:31 Loom
21:24 Wheelbarrow
21:20 Heavy Plow
22:48 Bow Saw
23:53 Hand Cart
23:51 Town Watch
24:51 Scale Mail Armor
25:02 Forging
28:37 Imperial Age
26:09 Gold Mining
27:07 Iron Casting
26:42 Stone Mining
27:11 Town Patrol
27:31 Anarchy
28:09 Stone Shaft Mining
28:37 Chain Mail Armor
29:19 Squires
28:40 Pikeman
30:01 Conscription
29:43 Perfusion
29:04 Elite Huskarl
30:59 Blast Furnace
31:28 Two-Man Saw
30:59 Crop Rotation
36:15 Fletching
37:33 Chemistry
36:54 Ballistics
40:38 Bodkin Arrow
40:43 Padded Archer Armor
41:28 Man-at-Arms
42:33 Bracer
42:33 Padded Archer Armor
42:24 Long Swordsman
42:55 Two-Handed Swordsman
43:23 Champion
45:28 Leather Archer Armor
46:12 Murder Holes
46:28 Masonry
(DB) Ezdur
9:08 Feudal Age
10:32 Loom
12:57 Castle Age
11:09 Double-Bit Axe
11:41 Horse Collar
16:02 Bow Saw
19:34 Fletching
22:16 Wheelbarrow
22:55 Heavy Plow
24:41 Hand Cart
25:01 Husbandry
26:47 Town Watch
28:35 Coinage
32:10 Imperial Age
31:23 Chemistry
30:43 Ballistics
33:13 Bodkin Arrow
34:17 Conscription
35:09 Treadmill Crane
36:28 Banking
36:13 Guilds
36:44 Padded Archer Armor
36:51 Scale Barding Armor
38:50 Leather Archer Armor
45:00 Houfnice
(DB) sendur
1:48 Loom
8:24 Feudal Age
13:08 Castle Age
11:33 Double-Bit Axe
11:57 Horse Collar
17:03 Wheelbarrow
17:09 Bow Saw
17:01 Heavy Plow
19:07 Gold Mining
19:08 Stone Mining
21:14 Hand Cart
22:32 Man-at-Arms
23:13 Scale Mail Armor
23:23 Forging
23:46 Long Swordsman
23:48 Pikeman
24:30 Squires
24:50 Chain Mail Armor
27:45 Imperial Age
27:03 Iron Casting
29:35 Blast Furnace
27:57 Two-Handed Swordsman
28:01 Halberdier
29:17 Caravan
30:20 Crop Rotation
30:51 Two-Man Saw
30:19 Perfusion
30:40 Conscription
30:28 Champion
31:36 Town Watch
33:27 Anarchy
34:14 Stone Shaft Mining
(DB) Eydur
10:14 Feudal Age
14:15 Castle Age
15:48 Loom
18:35 Double-Bit Axe
18:43 Gold Mining
18:36 Horse Collar
20:43 Wheelbarrow
20:52 Bow Saw
20:37 Stone Mining
20:57 Heavy Plow
21:41 Gold Shaft Mining
23:09 Stone Shaft Mining
23:46 Town Watch
24:21 Hand Cart
23:59 Fletching
28:23 Imperial Age
26:47 Town Patrol
27:52 Ballistics
27:47 Bodkin Arrow
27:53 Padded Archer Armor
29:45 Conscription
29:30 Nomads
29:17 Elite Mangudai
31:22 Bracer
31:38 Leather Archer Armor
31:56 Light Cavalry
32:47 Bloodlines
32:35 Hussar
33:24 Husbandry
39:16 Pikeman
39:59 Squires
39:46 Arson
41:18 Forging
41:38 Scale Mail Armor
42:35 Iron Casting
43:51 Chain Mail Armor
44:36 Blast Furnace
Connection lost

Rejoining the realm…

Still unreachable

The connection could not be restored.

Session expired

The server has moved on; the page needs a fresh start.